 Dungeon Crawl Stone Soup version 0.29.0-7-g18a832c13a (webtiles) character file.

Game seed: 14230300597999227618

211612 Arcadio the Fighter (level 18, -7/140 (147) HPs)
             Began as a Gnoll Delver on Aug 29, 2022.
             Was a High Priest of Ru.
             Hit by a javelin thrown by a merfolk javelineer (15 damage)
             ... on level 3 of the Shoals on Aug 31, 2022.
             The game lasted 05:33:56 (88097 turns).

Arcadio the Fighter (Gnoll Delver)                 Turns: 88097, Time: 05:33:59

HP:   -7/140 (147)  AC: 24    Str: 16    XL:     18   Next: 89%
MP:   6/35          EV: 12    Int: 19    God:    Ru [*****.]
Gold: 188           SH:  5    Dex: 14    Spells: 4/43 levels left

rFire   + . .      SeeInvis +   z - +6 long sword of the Gloaming {elec, Will+ Int+6 SInv}
rCold   . . .      Faith    .   (shield unavailable)
rNeg    . . .      Spirit   .   v - +5 ring mail {Will+}
rPois   +          Reflect  +   N - +2 hat
rElec   .          Harm     .   e - +2 cloak of Immorality {Rampage Str+7 Dex-3}
rCorr   .          Rampage  +   r - +1 pair of gloves
Will    +++..                   M - +2 pair of boots {Fly}
Stlth   ..........              p - amulet of reflection
HPRegen 0.33/turn               (ring unavailable)
MPRegen 0.24/turn               Z - ring "Sevaekesm" {rPois rF+ Str-4 Int+2 SInv}

@: exhausted, flying, lightly drained, unable to drink
A: fangs 1, inability to drink after injury 2, missing a hand, no stealth,
reduced EV 1, strong nose, distributed training, screaming 1, weak 1
}: 1/15 runes: gossamer
a: Renounce Religion, Draw Out Power, Power Leap, Apocalypse


You were on level 3 of the Shoals.
You worshipped Ru.
Ru was extremely pleased with you.
You visited 7 branches of the dungeon, and saw 31 of its levels.
You also visited: Ice Cave.

You collected 2796 gold pieces.
You spent 2608 gold pieces at shops.

Inventory:

Hand Weapons
 q - a +3 demon whip of venom
 z - the +6 long sword of the Gloaming (weapon) {elec, Will+ Int+6 SInv}
   (You found it on level 11 of the Dungeon)

   It occasionally discharges a powerful burst of electricity upon striking a
   foe.
   Int:       It affects your intelligence (+6).
   SInv:      It lets you see invisible.
   Will:      It increases your willpower.
 T - a +0 vampiric demon trident
Missiles
 S - 2 throwing nets
Armour
 e - the +2 cloak of Immorality (worn) {Rampage Str+7 Dex-3}
   (You acquired it on level 2 of the Orcish Mines)

   Str:       It affects your strength (+7).
   Dex:       It affects your dexterity (-3).
   Rampage:   It bestows one free step when moving towards enemies.
 k - a +5 ring mail of poison resistance
 r - a +1 pair of gloves (worn)
 v - a +5 ring mail of willpower (worn)
 M - a +2 pair of boots of flying (worn)
 N - a +2 hat (worn)
Jewellery
 o - a ring of magical power
 p - an amulet of reflection (around neck)
 O - a ring of fire
 W - a ring of protection from fire
 Y - a ring of ice
 Z - the ring "Sevaekesm" (right hand) {rPois rF+ Str-4 Int+2 SInv}
   (You found it on level 2 of the Lair of Beasts)

   [ring of poison resistance]

   Str:       It affects your strength (-4).
   Int:       It affects your intelligence (+2).
   rF:        It protects you from fire.
   rPois:     It protects you from poison.
   SInv:      It lets you see invisible.
Wands
 g - a wand of digging (16)
 n - a wand of polymorph (8)
 y - a wand of quicksilver (6)
 C - a wand of paralysis (7) (quivered)
 L - a wand of mindburst (6)
 P - a wand of iceblast (9)
 R - a wand of flame (31)
Scrolls
 d - 7 scrolls of magic mapping
 m - 2 scrolls of silence
 t - 2 scrolls of poison
 w - 5 scrolls of immolation
 B - 2 scrolls of enchant armour
 D - 2 scrolls of torment
 F - 3 scrolls of vulnerability
 H - 7 scrolls of teleportation
 K - 3 scrolls of brand weapon
Potions
 a - 4 potions of curing
 f - 8 potions of haste
 i - a potion of invisibility
 j - a potion of resistance
 l - 6 potions of ambrosia
 s - 4 potions of attraction
 u - 4 potions of cancellation
 A - 2 potions of berserk rage
 E - 2 potions of lignification
 G - 2 potions of brilliance
 I - a potion of might
 J - 3 potions of mutation
 Q - 3 potions of magic
 V - 6 potions of heal wounds
Miscellaneous
 b - a lightning rod (4/4)
 h - a phial of floods


   Skills:
 + Level 14.5 Fighting
 + Level 13.1 Short Blades
 + Level 13.8 Long Blades
 + Level 13.1 Axes
 + Level 13.1 Maces & Flails
 + Level 13.1 Polearms
 + Level 13.1 Staves
 + Level 13.1 Ranged Weapons
 + Level 13.1 Throwing
 + Level 13.1 Armour
 + Level 13.8 Dodging
   Level 0.0 Stealth
   Level 0.0 Shields
 + Level 13.1 Unarmed Combat
 + Level 13.1 Spellcasting
 + Level 11.1 Conjurations
 + Level 11.1 Hexes
 + Level 11.1 Summonings
 + Level 11.1 Necromancy
 + Level 11.1 Translocations
 + Level 11.1 Transmutations
 + Level 11.1 Fire Magic
 + Level 11.1 Ice Magic
 + Level 11.1 Air Magic
 + Level 11.1 Earth Magic
 + Level 11.1 Poison Magic
 + Level 14.2 Invocations
 + Level 13.1 Evocations


You had 4 spell levels left.
You knew the following spells:

 Your Spells              Type           Power      Damage    Failure   Level
a - Summon Forest         Summ/Tloc      26%        N/A       2%          5
b - Fireball              Conj/Fire      26%        3d12      2%          5
c - Summon Ice Beast      Ice/Summ       53%        N/A       1%          4
d - Leda's Liquefaction   Hex/Erth       26%        N/A       1%          4
e - Mephitic Cloud        Conj/Pois/Air  53%        N/A       1%          3
f - Ozocubu's Armour      Ice            53%        N/A       1%          3
g - Teleport Other        Tloc           53%        N/A       1%          3
h - Magic Dart            Conj           100%       1d8       1%          1
i - Yara's Violent Unrav  Hex/Tmut       26%        3d11      2%          5
j - Summon Cactus Giant   Summ           26%        N/A       13%         6

Your spell library contained the following spells:

 Spells                   Type           Power      Damage    Failure   Level
 Necrotise                Necr           100%       1d9       1%          1
 Call Imp                 Summ           53%        N/A       1%          2
 Poisonous Vapours        Pois/Air       100%       N/A       1%          2
 Scorch                   Fire           100%       2d10      1%          2
 Static Discharge         Conj/Air       53%        3-10/arc  1%          2
 Call Canine Familiar     Summ           53%        N/A       1%          3
 Confusing Touch          Hex            53%        N/A       1%          3
 Frozen Ramparts          Ice            100%       1d16      1%          3
 Gell's Gravitas          Tloc           53%        N/A       1%          3
 Ignite Poison            Fire/Tmut/Pois 53%        N/A       1%          3
 Inner Flame              Hex/Fire       53%        N/A       1%          3
 Lesser Beckoning         Tloc           53%        N/A       1%          3
 Portal Projectile        Hex/Tloc       100%       N/A       1%          3
 Vampiric Draining        Necr           53%        2d9       1%          3
 Cause Fear               Hex            26%        N/A       1%          4
 Corpse Rot               Necr/Pois/Air  53%        N/A       1%          4
 Dispel Undead            Necr           53%        3d19      1%          4
 Hailstorm                Conj/Ice       53%        3d12      1%          4
 Ice Form                 Ice/Tmut       53%        N/A       1%          4
 Iskenderun's Mystic Bla  Conj/Tloc      53%        2d11      1%          4
 Sticky Flame             Conj/Fire      53%        2d7       1%          4
 Agony                    Necr           53%        N/A       2%          5
 Borgnjor's Vile Clutch   Necr/Erth      26%        N/A       2%          5
 Freezing Cloud           Conj/Ice/Air   26%        6-21      2%          5
 Iskenderun's Battlesphe  Conj           53%        2d10      2%          5
 Lee's Rapid Deconstruct  Erth           26%        3d15*     2%          5
 Metabolic Englaciation   Hex/Ice        26%        N/A       2%          5
 Summon Mana Viper        Hex/Summ       53%        N/A       2%          5
 Conjure Ball Lightning   Conj/Air       26%        3x3d7     13%         6
 Death Channel            Necr           26%        N/A       13%         6
 Simulacrum               Ice/Necr       26%        N/A       13%         6
 Enfeeble                 Hex            26%        N/A       58%         7
 Orb of Destruction       Conj           26%        9d9       58%         7
 Discord                  Hex            26%        N/A       99%         8
 Disjunction              Tloc           26%        N/A       99%         8
 Chain Lightning          Conj/Air       26%        3d35      100%        9
 Fire Storm               Conj/Fire      26%        8d7       100%        9
 Polar Vortex             Ice            26%        N/A       100%        9
 Shatter                  Erth           26%        3d22*     100%        9


Dungeon Overview and Level Annotations

Branches:
Dungeon (15/15) Zot: 15616  Temple (1/1) D:6 Zot: 5916    Lair (5/5) D:10 Zot: 12273
 Shoals (3/4) Lair:3 Zot: 12606  Spider (4/4) Lair:3 Zot: 3113   Slime (0/5) Lair:5
    Orc (2/2) D:10 Zot: 6178     Elf (1/3) Orc:2 Zot: 5993  Vaults (0/5) D:13
 Depths (0/4) D:15          IceCv (visited)

Altars:
Ashenzari
Cheibriados
Dithmenos
Elyvilon
Fedhas
Gozag
Hepliaklqana
Kikubaaqudgha
Nemelex Xobeh
Okawaru
Qazlal
Ru
Sif Muna
Trog
Uskayaw
Vehumet
Wu Jian
Xom
Yredelemnul
Zin
The Shining One
Jiyva

Shops:
D:3 *   D:5 *   D:8 :?   D:13 *   D:14 ?   D:15 =   Orc:2 **[:[   Shoals:1 (*!
Shoals:3 (

Portals:
Pandemonium: Orc:2

Annotations:
D:12 4 runed translucent doors, Azrael
Shoals:3 1 runed translucent door, Flugkiller's ghost, adept MiFi


Innate Abilities, Weirdness & Mutations

You have very sharp teeth.
You sometimes lose the ability to drink potions when taking damage.
You are missing a hand.
You cannot be stealthy.
You have somewhat slow reflexes. (EV -5)
Your uncanny sense of smell can sniff out nearby items.
Your experience applies equally to all skills.
You occasionally shout uncontrollably at your foes.
You are weak. (Str -2)


Message History

Some shallow water.
There is a cloud of blue smoke here.
Press: ? - help, v - describe, . - travel Some shallow water.
There is a cloud of blue smoke here.
Unknown command.
Okay, then.
Okay, then.
Okay, then.
Unknown command.
Okay, then.
Okay, then.
Okay, then.
As you read the scroll of butterflies, it crumbles to dust.
You hear the tinkle of a tiny bell.
Something hits your butterfly!
Your butterfly dies!
Your butterfly disappears in a burst of colours!
Something hits your butterfly!
Your butterfly dies!
Your butterfly disappears in a burst of colours!
The merfolk misses you.
The merfolk hits you from afar with a +0 vorpal trident!
* * * LOW HITPOINT WARNING * * *
x2 The merfolk is no longer blind.
The merfolk throws a boomerang.
The boomerang barely misses you.
The merfolk completely misses your butterfly.
The merfolk javelineer hits your butterfly with a +6 vampiric spear!
Your butterfly dies!
Your butterfly disappears in a burst of colours!
The merfolk is stunned by your conviction and fails to attack.
The merfolk hits your butterfly with a +0 vorpal trident!
Your butterfly dies!
Your butterfly disappears in a burst of colours!
You redirect the merfolk's attack!
The merfolk throws a boomerang.
The boomerang hits the merfolk!
The merfolk dies!
You hear a splash. x2
The merfolk javelineer throws a javelin.
The javelin pierces through you!
You die...

#.~~~....~§~~~~~~)..>....~~≈≈~~~
##$~~~. #.§§§~~..........~≈≈~~~~
..~~~~.###§§§§§~b........~~≈≈~~~~
..~>~~..##m§§m§~..........~≈≈~..~
.~~~~~...§§m§§b~b...........~~...
~!~....~§§§§§m§b~...........~..##
~~..#..~~~†§b~~~~~.........)..##
~.# ##~~~§§§~b~~~~~~......#######
~ #.~~~~~~~~~~@~~~.............
...~~~~~~~~b~~~~~...###........
~~~~~~~~~~~~~~~~~..##W##.......
~~~~~≈≈≈≈≈~b~~~~~.##...##.....!
~~~~≈≈≈≈≈≈≈~~~~~.##..?..##.....
~~≈≈≈≈≈≈≈≈≈~b~~~.+...♣!.⌠#.....
.≈≈≈≈≈≈≈≈≈≈~~~~~.##..!..##.....
≈≈≈≈≈≈~~~~~..##...##......
≈≈≈≈≈≈≈~~......##⌠##.......


You could see a merfolk javelineer, 2 merfolk and Flugkiller's ghost.

Vanquished Creatures
  Arachne (Spider:2)
  Gastronok (Lair:2)
  4 emperor scorpions
  5 ghost moths
  A frost giant (IceCv)
  3 broodmothers
  A stone giant (D:15)
  A demonspawn black sun (D:13)
  3 entropy weavers
  Snorg (Orc:1)
  4 spark wasps
  2 merfolk impalers
  7 hydras
  2 ice dragons (Shoals:2)
  A vault guard (D:12)
  Fannar (D:12)
  7 boulder beetles
  2 demonspawn (Orc:2)
  4 centaur warriors
  2 death knights
  An ogre mage (D:15)
  2 merfolk aquamancers
  Erica (D:10)
  An alligator snapping turtle (Shoals:1)
  4 jorogumos
  A catoblepas (Lair:4)
  6 death yaks
  3 merfolk avatars
  7 two-headed ogres
  5 radroaches
  A satyr (Shoals:3)
  6 tengu warriors
  4 sun demons
  A soul eater (Orc:2)
  6 orc high priests (Orc:2)
  Urug (D:10)
  Sonja (Lair:4)
  Amaemon (Lair:2)
  6 sea snakes
  3 pharaoh ants
  8 steelbarb worms
  A wizard (D:13)
  12 orb spiders
  4 orc knights
  A necromancer (D:13)
  A deep elf pyromancer (D:14)
  7 harpies
  23 wolf spiders
  An oklob plant (Lair:4)
  6 orc sorcerers
  A salamander (shapeshifter) (D:13)
  9 manticores
  21 ugly things
  12 cyclopes
  A black mamba (shapeshifter) (D:14)
  10 fauns
  3 moths of wrath
  5 elephants
  9 merfolk sirens
  A water nymph (Shoals:3)
  An orange demon (Lair:2)
  2 black mambas
  9 cane toads
  2 torpor snails
  An ice statue (IceCv)
  13 demonic crawlers
  3 gargoyles
  An unseen horror (D:12)
  9 komodo dragons
  2 yaktaurs
  A kobold demonologist (D:11)
  Psyche (D:11)
  5 rime drakes
  A red devil (Orc:2)
  2 tengu conjurers (D:14)
  18 merfolk
  10 trolls
  19 polar bears
  6 meliai
  A troll (shapeshifter) (D:14)
  8 hornets
  36 tarantellas
  5 wind drakes
  8 slime creatures
  4 nameless horrors
  10 blink frogs
  4 snapping turtles
  4 dream sheep
  A vampire (D:11)
  Sigmund (D:6)
  24 jumping spiders
  4 wraiths
  12 culicivoras
  5 water elementals
  8 wyverns
  3 shadows
  18 humans
  37 yaks
  2 steam dragons
  2 chaos spawn (Orc:2)
  3 large abominations
  60 redbacks
  4 vampire mosquitoes (D:14)
  2 wargs (Orc:2)
  Edmund (D:6)
  A two-headed ogre zombie (D:10)
  14 water moccasins
  6 acid dragons
  3 ice beasts
  22 orc warriors
  A black bear (D:7)
  6 ogres
  21 wolves
  10 centaurs
  A phantom (D:6)
  A kobold brigand (D:6)
  13 bullfrogs
  A necrophage (D:8)
  2 gnoll sergeants
  3 scorpions
  8 wights
  2 troll zombies (D:10)
  2 killer bees (D:10)
  16 howler monkeys
  2 electric eels (Spider:4)
  A small abomination (D:13)
  2 hounds
  3 jellies
  22 orc priests
  A gnoll bouda (D:8)
  Jessica (D:3)
  14 orc wizards
  5 iguanas
  5 ogre zombies (D:10)
  3 adders
  11 gnolls
  A river rat (Lair:1)
  A shadow imp (D:5)
  2 white imps
  An ufetubus (D:5)
  2 worms (D:3)
  A dart slug (D:3)
  61 orcs
  6 ball pythons
  8 bats
  8 endoplasms
  6 giant cockroaches
  7 goblins
  5 hobgoblins
  12 kobolds
  10 quokkas
  3 frilled lizards (D:2)
  2 goblin zombies (D:10)
  4 hobgoblin zombies (D:10)
  An orc skeleton (D:10)
  18 orc zombies (D:10)
  4 rats
  A butterfly (Lair:3)
  2 tentacles (Shoals:1)
992 creatures vanquished.

Vanquished Creatures (collateral kills)
  An emperor scorpion (Spider:4)
  A hydra (Lair:5)
  A catoblepas (D:13)
  A two-headed ogre (D:15)
  A fire crab (Lair:5)
  An orb spider (Spider:1)
  A steelbarb worm (Lair:3)
  An orc knight (Orc:2)
  A harpy (Shoals:3)
  2 fauns
  A wolf spider (Lair:2)
  An ugly thing (D:14)
  2 merfolk sirens (Lair:3)
  2 rime drakes
  2 merfolk (Shoals:1)
  A polar bear (Lair:4)
  3 tarantellas (Spider:1)
  A slime creature (D:11)
  A blink frog (Lair:4)
  2 dream sheep (Lair:4)
  3 humans (D:13)
  7 redbacks
  2 vampire mosquitoes (D:13)
  A small abomination (D:13)
  2 water moccasins
  2 orc warriors (Orc:1)
  2 orc priests
  An orc wizard (Orc:1)
  7 orcs
54 creatures vanquished.

Vanquished Creatures (others)
  A kraken (Shoals:1)
  A ghost moth (Spider:4)
  A two-headed ogre (D:11)
  A satyr (Shoals:2)
  A sea snake (Lair:3)
  A cyclops (Shoals:2)
  A wolf spider (Spider:2)
  A cane toad (D:10)
  A gargoyle (D:13)
  A komodo dragon (Lair:1)
  A tengu conjurer (D:14)
  An efreet (D:14)
  A komodo dragon (shapeshifter) (D:14)
  2 polar bears (IceCv)
  A merfolk (Shoals:3)
  A troll (Orc:1)
  A tarantella (Spider:3)
  2 jumping spiders
  4 yaks
  2 redbacks
  An orc warrior (D:8)
  A wolf (IceCv)
  A nameless horror (IceCv)
  A killer bee (D:10)
  An orc wizard (Orc:1)
  A bush (Shoals:2)
  38 fungi
  87 plants
  5 snaplasher vines
  6 tentacles (Shoals:1)
168 creatures vanquished.

Grand Total: 1214 creatures vanquished

Notes
Turn   | Place    | Note
-------+----------+-------------------------------------------
     0 | D:5      | Arcadio the Gnoll Delver began the quest for the Orb.
     0 | D:5      | Reached XP level 1. HP: 23/23 MP: 1/1
   117 | D:5      | Reached XP level 2. HP: 20/29 MP: 2/2
   452 | D:4      | Noticed a wyvern
   773 | D:3      | Reached XP level 3. HP: 35/35 MP: 3/3
   788 | D:3      | Noticed Jessica
   809 | D:3      | Found Egioh's General Store.
   813 | D:3      | Bought a scroll of identify for 22 gold pieces
   886 | D:3      | Reached skill level 1 in Invocations
   922 | D:3      | Reached skill level 1 in Short Blades
   922 | D:3      | Reached skill level 1 in Axes
   922 | D:3      | Reached skill level 1 in Maces & Flails
   922 | D:3      | Reached skill level 1 in Polearms
   922 | D:3      | Reached skill level 1 in Staves
   922 | D:3      | Reached skill level 1 in Ranged Weapons
   922 | D:3      | Reached skill level 1 in Throwing
   922 | D:3      | Reached skill level 1 in Armour
   922 | D:3      | Reached skill level 1 in Shields
   922 | D:3      | Reached skill level 1 in Unarmed Combat
   922 | D:3      | Reached skill level 1 in Spellcasting
   922 | D:3      | Reached skill level 1 in Evocations
  1138 | D:2      | Found a faded altar of an unknown god.
  1180 | D:2      | Reached XP level 4. HP: 41/41 MP: 5/5
  1518 | D:1      | Reached skill level 1 in Conjurations
  1518 | D:1      | Reached skill level 1 in Hexes
  1518 | D:1      | Reached skill level 1 in Summonings
  1518 | D:1      | Reached skill level 1 in Necromancy
  1518 | D:1      | Reached skill level 1 in Translocations
  1518 | D:1      | Reached skill level 1 in Transmutations
  1518 | D:1      | Reached skill level 1 in Fire Magic
  1518 | D:1      | Reached skill level 1 in Ice Magic
  1518 | D:1      | Reached skill level 1 in Air Magic
  1518 | D:1      | Reached skill level 1 in Earth Magic
  1518 | D:1      | Reached skill level 1 in Poison Magic
  2447 | D:3      | Reached XP level 5. HP: 28/47 MP: 7/7
  3082 | D:3      | Killed Jessica
  3336 | D:4      | Reached XP level 6. HP: 45/53 MP: 8/8
  3343 | D:4      | Reached skill level 5 in Long Blades
  3343 | D:4      | Reached skill level 5 in Dodging
  3578 | D:4      | HP: 2/53 [wyvern (4)]
  3584 | D:4      | Killed a wyvern
  3585 | D:4      | Reached XP level 7. HP: 37/60 MP: 1/10
  4126 | D:5      | Reached skill level 10 in Stealth
  4288 | D:6      | Noticed Edmund
  4303 | D:6      | Killed Edmund
  4536 | D:6      | Reached XP level 8. HP: 39/67 MP: 5/12
  4756 | D:6      | Noticed Sigmund
  4780 | D:6      | Got the Atlas of Excruciating Clay
  5259 | D:6      | Found a staircase to the Ecumenical Temple.
  5274 | Temple   | Entered the Ecumenical Temple
  5340 | Temple   | Became a worshipper of Ru the Awakened
  6997 | D:7      | Reached XP level 9. HP: 70/73 MP: 13/15
  7035 | D:7      | Found a glowing silver altar of Zin.
  7469 | D:7      | Gained mutation: You have somewhat slow reflexes. (EV -5)
                  | [Ru sacrifice]
  7469 | D:7      | Reached * piety under Ru
  7870 | D:8      | Found Imnuitsa's Magic Scroll Shoppe.
  7876 | D:8      | Bought a scroll of blinking for 105 gold pieces
  8039 | D:8      | Noticed a hornet
  8042 | D:8      | Learned a level 1 spell: Magic Dart
  8045 | D:8      | Learned a level 2 spell: Call Imp
  8067 | D:8      | Paralysed by a hornet for 2 turns
  8070 | D:8      | Killed a hornet
  9084 | D:7      | Reached skill level 5 in Invocations
  9803 | D:8      | Found Ezen's Vocational Training.
 10468 | D:9      | Noticed a troll
 10527 | D:9      | Found a snail-covered altar of Cheibriados.
 10536 | D:9      | Reached skill level 5 in Short Blades
 10536 | D:9      | Reached skill level 5 in Axes
 10536 | D:9      | Reached skill level 5 in Maces & Flails
 10536 | D:9      | Reached skill level 5 in Polearms
 10536 | D:9      | Reached skill level 5 in Staves
 10536 | D:9      | Reached skill level 5 in Ranged Weapons
 10536 | D:9      | Reached skill level 5 in Throwing
 10536 | D:9      | Reached skill level 5 in Armour
 10536 | D:9      | Reached skill level 5 in Shields
 10536 | D:9      | Reached skill level 5 in Unarmed Combat
 10536 | D:9      | Reached skill level 5 in Spellcasting
 10536 | D:9      | Reached skill level 5 in Evocations
 10536 | D:9      | Reached XP level 10. HP: 73/79 MP: 13/17
 10988 | D:9      | Identified the +3 leather armour of Omission {rElec rC-
                  | Str+2}
 11203 | D:9      | Gained mutation: You are missing a hand. [Ru sacrifice]
 11203 | D:9      | Reached ** piety under Ru
 11203 | D:9      | Reached *** piety under Ru
 11203 | D:9      | Reached **** piety under Ru
 12192 | D:10     | Entered Level 10 of the Dungeon
 12391 | D:10     | Found a staircase to the Orcish Mines.
 12787 | D:11     | Found a frozen archway.
 12832 | D:11     | Reached skill level 5 in Conjurations
 12832 | D:11     | Reached skill level 5 in Hexes
 12832 | D:11     | Reached skill level 5 in Summonings
 12832 | D:11     | Reached skill level 5 in Necromancy
 12832 | D:11     | Reached skill level 5 in Translocations
 12832 | D:11     | Reached skill level 5 in Transmutations
 12832 | D:11     | Reached skill level 5 in Fire Magic
 12832 | D:11     | Reached skill level 5 in Ice Magic
 12832 | D:11     | Reached skill level 5 in Air Magic
 12832 | D:11     | Reached skill level 5 in Earth Magic
 12832 | D:11     | Reached skill level 5 in Poison Magic
 12832 | D:11     | Reached XP level 11. HP: 40/89 MP: 2/20
 12839 | IceCv    | Entered an ice cave
 15323 | IceCv    | Noticed a death yak
 15323 | IceCv    | Noticed a death yak
 15332 | IceCv    | Killed a death yak
 15334 | IceCv    | Killed a death yak
 16046 | IceCv    | Noticed a death yak
 16046 | IceCv    | Noticed a frost giant
 16046 | IceCv    | Noticed a death yak
 16075 | IceCv    | Killed a frost giant
 16076 | IceCv    | Reached XP level 12. HP: 59/97 MP: 13/22
 16080 | IceCv    | Killed a death yak
 16815 | IceCv    | Killed a death yak
 17490 | IceCv    | Reached skill level 10 in Fighting
 18133 | D:11     | Noticed a two-headed ogre
 18138 | D:11     | Learned a level 3 spell: Teleport Other
 18142 | D:11     | Learned a level 3 spell: Ozocubu's Armour
 18387 | D:10     | Found a staircase to the Lair.
 18512 | D:10     | Noticed Urug
 18512 | D:10     | Noticed a two-headed ogre
 18526 | D:10     | Killed a two-headed ogre
 18531 | D:10     | Killed Urug
 18741 | D:10     | Found a white marble altar of Elyvilon.
 18880 | D:10     | Noticed a two-headed ogre
 18892 | D:10     | Killed a two-headed ogre
 19084 | D:10     | Identified the +1 robe of Modern Wonder {rElec rF+ Int+4}
 19212 | D:10     | Noticed Erica
 19392 | D:10     | Killed Erica
 19534 | Lair:1   | Entered Level 1 of the Lair of Beasts
 20201 | Lair:1   | HP: 3/94 [poisoned by a cane toad]
 20519 | D:10     | Learned a level 3 spell: Mephitic Cloud
 21613 | Lair:1   | Learned a level 4 spell: Leda's Liquefaction
 21821 | Lair:1   | Reached XP level 13. HP: 98/104 MP: 18/25
 22364 | Lair:2   | Noticed Amaemon
 22366 | Lair:2   | Paralysed by Amaemon for 5 turns
 22379 | Lair:2   | Paralysed by Amaemon for 2 turns
 22385 | Lair:2   | Killed Amaemon
 22612 | Lair:2   | Learned a level 4 spell: Summon Ice Beast
 23497 | Lair:2   | Noticed Gastronok
 23513 | Lair:2   | Killed Gastronok
 24436 | Lair:2   | Identified the ring "Sevaekesm" {rPois rF+ Str-4 Int+2
                  | SInv}
 24623 | Lair:3   | Upgraded the game from 0.29.0-5-ge4962eb29e to
                  | 0.29.0-7-g18a832c13a
 24936 | Lair:3   | Found a staircase to the Shoals.
 25517 | Lair:3   | Found a hole to the Spider Nest.
 26431 | Lair:3   | Reached skill level 10 in Long Blades
 26431 | Lair:3   | Reached skill level 10 in Dodging
 28232 | Lair:4   | Noticed Sonja
 28471 | Lair:4   | Reached XP level 14. HP: 59/113 MP: 10/27
 28785 | Lair:4   | Reached skill level 10 in Invocations
 29123 | Lair:4   | Killed Sonja
 29866 | Lair:5   | Entered Level 5 of the Lair of Beasts
 31894 | Lair:5   | Learned a level 5 spell: Summon Forest
 32475 | Lair:5   | Got Fualioq's Compendium of the Summer and Bolts
 34003 | Lair:5   | Found a staircase to the Slime Pits.
 34003 | Lair:5   | Found a viscous altar of Jiyva.
 35677 | Orc:1    | Entered Level 1 of the Orcish Mines
 36192 | Orc:1    | Found a radiant altar of Vehumet.
 36588 | Orc:2    | Entered Level 2 of the Orcish Mines
 36588 | Orc:2    | Found a staircase to the Elven Halls.
 37150 | Orc:2    | Found Meyll's Armour Emporium.
 37497 | Orc:2    | Found Celetekh's General Store.
 37508 | Orc:2    | Found Hokhloc's General Store.
 37845 | Orc:2    | Bought a scroll of acquirement for 676 gold pieces
 37866 | Orc:2    | Acquired the +2 cloak of Immorality {Rampage Str+7 Dex-3}
 37948 | Orc:2    | Bought a scroll of identify for 32 gold pieces
 37948 | Orc:2    | Bought a scroll of identify for 32 gold pieces
 38327 | Orc:1    | Noticed Snorg
 38337 | Orc:1    | Killed Snorg
 38338 | Orc:1    | Reached skill level 10 in Short Blades
 38338 | Orc:1    | Reached skill level 10 in Axes
 38338 | Orc:1    | Reached skill level 10 in Maces & Flails
 38338 | Orc:1    | Reached skill level 10 in Polearms
 38338 | Orc:1    | Reached skill level 10 in Staves
 38338 | Orc:1    | Reached skill level 10 in Ranged Weapons
 38338 | Orc:1    | Reached skill level 10 in Throwing
 38338 | Orc:1    | Reached skill level 10 in Armour
 38338 | Orc:1    | Reached skill level 10 in Unarmed Combat
 38338 | Orc:1    | Reached skill level 10 in Spellcasting
 38338 | Orc:1    | Reached skill level 10 in Evocations
 38616 | Elf:1    | Entered Level 1 of the Elven Halls
 39409 | Orc:2    | Gained mutation: You occasionally shout uncontrollably at
                  | your foes. [a neqoxec]
 39646 | Orc:2    | Reached XP level 15. HP: 108/120 MP: 17/29
 40093 | Orc:2    | Learned a level 5 spell: Yara's Violent Unravelling
 40141 | Orc:2    | Paralysed by an orc sorcerer for 4 turns
 41383 | Orc:2    | Found Osougoly's Antique Armour Shop.
 41383 | Orc:2    | Found a one-way gate leading to the halls of Pandemonium.
 41383 | Orc:2    | Found Dorphead's Book Boutique.
 41693 | Orc:2    | Bought a book of the Spheres for 864 gold pieces
 41700 | Orc:2    | Learned a level 5 spell: Fireball
 42569 | D:11     | Noticed Psyche
 42572 | D:11     | Killed Psyche
 43025 | D:11     | Identified the +6 long sword of the Gloaming {elec, Will+
                  | Int+6 SInv}
 44021 | D:11     | Identified the +2 scale mail of Youthful Indiscretion
                  | {-Tele rElec rC+ Dex+5}
 45034 | D:3      | Bought a scroll of enchant armour for 82 gold pieces
 45088 | D:5      | Bought a potion of might for 60 gold pieces
 45088 | D:5      | Bought a potion of heal wounds for 75 gold pieces
 45113 | D:6      | Killed Sigmund
 45328 | D:12     | Noticed Fannar
 45347 | D:12     | Killed Fannar
 46079 | D:12     | You fall into a shaft and drop 3 floors!
 46079 | D:15     | Entered Level 15 of the Dungeon
 46088 | D:15     | Found a bloodstained altar of Trog.
 46648 | D:14     | Found Ditebb's Magic Scroll Shop.
 46697 | D:12     | Found a runed translucent door.
 47127 | D:12     | Found a runed translucent door.
 47128 | D:12     | Noticed Azrael
 47140 | D:12     | Found a runed translucent door.
 47185 | D:12     | Found a runed translucent door.
 47317 | D:13     | Gained mutation: You cannot be stealthy. [Ru sacrifice]
 49954 | D:13     | Got the Codex of The Black Sun
 50516 | D:13     | Reached XP level 16. HP: 128/129 MP: 18/30
 51367 | D:13     | Found a gate to the Vaults.
 51609 | D:13     | Found Idep's General Store.
 52546 | D:14     | Bought a scroll of teleportation for 48 gold pieces
 52546 | D:14     | Bought a scroll of teleportation for 48 gold pieces
 52546 | D:14     | Bought a scroll of blinking for 120 gold pieces
 52546 | D:14     | Bought a scroll of enchant weapon for 120 gold pieces
 54305 | D:14     | Gained mutation: You occasionally lose the ability to drink
                  | potions when taking damage. [Ru sacrifice]
 54305 | D:14     | Gained mutation: You sometimes lose the ability to drink
                  | potions when taking damage. [Ru sacrifice]
 54305 | D:14     | Reached ***** piety under Ru
 57145 | D:15     | Found an ancient bone altar of Kikubaaqudgha.
 57704 | D:15     | Found Ykihoigg's Jewellery Shoppe.
 57823 | D:15     | Found a staircase to the Depths.
 58165 | Spider:1 | Entered Level 1 of the Spider Nest
 61622 | Spider:1 | Reached XP level 17. HP: 56/124 MP: 25/32
 62253 | Spider:1 | Reached skill level 10 in Conjurations
 62253 | Spider:1 | Reached skill level 10 in Hexes
 62253 | Spider:1 | Reached skill level 10 in Summonings
 62253 | Spider:1 | Reached skill level 10 in Necromancy
 62253 | Spider:1 | Reached skill level 10 in Translocations
 62253 | Spider:1 | Reached skill level 10 in Transmutations
 62253 | Spider:1 | Reached skill level 10 in Fire Magic
 62253 | Spider:1 | Reached skill level 10 in Ice Magic
 62253 | Spider:1 | Reached skill level 10 in Air Magic
 62253 | Spider:1 | Reached skill level 10 in Earth Magic
 62253 | Spider:1 | Reached skill level 10 in Poison Magic
 62730 | Spider:1 | Learned a level 6 spell: Summon Cactus Giant
 64786 | Spider:1 | Gained mutation: You are weak. (Str -2) [mutagenic glow]
 65390 | Spider:2 | Noticed Arachne
 66993 | Spider:2 | Killed Arachne
 72841 | Spider:4 | Entered Level 4 of the Spider Nest
 76323 | Spider:3 | Reached XP level 18. HP: 124/140 MP: 34/34
 76856 | Spider:4 | Identified the +6 battleaxe "Ilotuedi" {elec, *Corrode
                  | rElec rC++ SInv}
 79187 | Spider:4 | Paralysed by a hornet for 1 turns
 79745 | Spider:4 | HP: 4/126 [spark wasp (13)]
 81007 | Spider:4 | Got a gossamer rune of Zot
 81616 | Shoals:1 | Entered Level 1 of the Shoals
 81616 | Shoals:1 | Found Ogguskoapt's General Store.
 83026 | Shoals:1 | Found Widduere's Distillery.
 83026 | Shoals:1 | Identified the +1 bardiche of Gallantry {freeze, Str+2}
 83036 | Shoals:1 | Bought a potion of might for 72 gold pieces
 83036 | Shoals:1 | Bought a potion of cancellation for 144 gold pieces
 83036 | Shoals:1 | Bought 2 potions of curing for 108 gold pieces
 83127 | Shoals:1 | Found Paatov's Weapon Boutique.
 86913 | Shoals:3 | Found Oxkeggel's Antique Weapon Shoppe.
 87722 | Shoals:3 | Noticed Flugkiller's ghost (adept MiFi)
 87730 | Shoals:3 | Found a runed translucent door.
 88094 | Shoals:3 | HP: 7/140 [merfolk/+0 vorpal trident[a merfolk javelineer]
                  | (2)]
 88097 | Shoals:3 | Hit by a javelin thrown by a merfolk javelineer

Illustrated notes

Levels and vault maps discovered:
D:1:      saegor_arrival_simple_b, layout_loops_ring
D:2:      layout_loops_ring, hellmonk_ecumenical_altar_arch_garden
D:3:      layout_loops_ring, serial_shops, shop, uniq_jessica
D:4:      layout_loops_cross, kennysheep_generic_room_2
D:5:      layout_gridville, serial_shops, nicolae_shop_hallway_stairs,
          chequers_serial_rivers_micro_c
D:6:      layout_loops_cross, minmay_temple_entry_waves, uniq_sigmund,
          uniq_edmund
D:7:      layout_loops_corners, amcnicky_altar_gilded
D:8:      layout_loops_corners, serial_shops, shop, nicolae_shop_vocational
D:9:      layout_layer_cave, lemuel_tele_altar
D:10:     layout_roguey, old_standard_altar, lair_entry_dummy,
          zombieorc2_lemuel, kennysheep_decorative_pillar, uniq_erica, uniq_urug
D:11:     minmay_the_grid_octo_tiled_squarecenter [minmay_the_grid_octo_focus,
          minmay_the_grid_octo_concentric, minmay_the_grid_octo_checkerflower,
          minmay_the_grid_octo_teeth,
          minmay_the_grid_square_5x5_megaprize_hollow,
          minmay_the_grid_square_5x5_tetrominoes,
          minmay_the_grid_square_5x5_hollow_slash,
          minmay_the_grid_square_5x5_plus, minmay_the_grid_square_5x5_n],
          layout_irregular_city, portal_ice_cave_entry_animals_and_master,
          uniq_psyche
D:12:     layout_basic, minmay_statue_crystal_thing, uniq_fannar, uniq_azrael
D:13:     dreamdust_black_sun_cult, layout_small_grid,
          grunt_vaults_entry_tiered, serial_shops, shop
D:14:     layout_layer_cave, roderic_roman_lattice, nicolae_inconvenience_store
D:15:     grunt_enter_depths_snipers, layout_irregular_city, serial_shops,
          nicolae_shop_advertising_works [nicolae_subvault_shop_adworks],
          nicolae_kikubaaqudgha_miasma_corner, trog_hazing_becter
Temple:   compressed_dpeg_triangle_lava_temple
Lair:1:   layout_chaotic_city, pond, lemuel_fruit_fields, lemuel_fruit_tree
Lair:2:   cheibrodos_lair_river_kwai, layout_loops_ring,
          nicolae_lair_run_with_the_wolves, uniq_amaemon, uniq_gastronok
Lair:3:   layout_regular_city, elwin_shoals_entry_stream,
          spider_nest_entry_webs, lemuel_fruit_fields
Lair:4:   layout_roguey, beast_lair_carwin_3, grunt_megastairs_3, uniq_sonja
Lair:5:   gammafunk_lair_ancient_temple, layout_regular_city,
          minmay_slime_entry_pillars
Shoals:1: layout_shoals, serial_shops, shop_statue, shop, shop
Shoals:2: argonaut_golden_fleece, layout_shoals, nicolae_shoals_water_booths
Shoals:3: layout_shoals, hellmonk_ghost_happy_afterlife, serial_shops,
          nicolae_shop_bloodbath_and_beyond, nicolae_stop_n_shop_2,
          nicolae_shop_self_help
Spider:1: layout_spider_delve, hangedman_spider_tarantella_strand
Spider:2: layout_spider_delve, drop_trap, uniq_arachne
Spider:3: layout_spider_delve, nicolae_spider_moth_buddies
Spider:4: spider_rune_water, guppyfry_spider_mini_3
Orc:1:    layout_caves, basic_altar, uniq_snorg
Orc:2:    pf_orc_diabolical, layout_caves, serial_shops, nicolae_shop_trees,
          basic_altar
Elf:1:    minmay_elf_arrival_plus, layout_geoelf_diagonals,
          gammafunk_ghost_cemetery, minmay_elf_crystal_heptagon

Skill      XL: |  1  2  3  4  5  6  7  8  9 10 11 12 13 14 15 16 17 18 |
---------------+-------------------------------------------------------+-----
Stealth        | 10 11 12 13 0 |  0.0
Invocations    | 1 2 3 4 5 6 7 8 9 10 11 12 13 14 | 14.2
Short Blades   | 1 2 3 4 5 6 7 8 9 10 11 12 13 | 13.1
Axes           | 1 2 3 4 5 6 7 8 9 10 11 12 13 | 13.1
Maces & Flails | 1 2 3 4 5 6 7 8 9 10 11 12 13 | 13.1
Polearms       | 1 2 3 4 5 6 7 8 9 10 11 12 13 | 13.1
Staves         | 1 2 3 4 5 6 7 8 9 10 11 12 13 | 13.1
Ranged Weapons | 1 2 3 4 5 6 7 8 9 10 11 12 13 | 13.1
Throwing       | 1 2 3 4 5 6 7 8 9 10 11 12 13 | 13.1
Armour         | 1 2 3 4 5 6 7 8 9 10 11 12 13 | 13.1
Shields        | 1 2 3 4 5 0 |  0.0
Unarmed Combat | 1 2 3 4 5 6 7 8 9 10 11 12 13 | 13.1
Spellcasting   | 1 2 3 4 5 6 7 8 9 10 11 12 13 | 13.1
Evocations     | 1 2 3 4 5 6 7 8 9 10 11 12 13 | 13.1
Conjurations   | 1 2 3 4 5 6 7 8 9 10 11 | 11.1
Hexes          | 1 2 3 4 5 6 7 8 9 10 11 | 11.1
Summonings     | 1 2 3 4 5 6 7 8 9 10 11 | 11.1
Necromancy     | 1 2 3 4 5 6 7 8 9 10 11 | 11.1
Translocations | 1 2 3 4 5 6 7 8 9 10 11 | 11.1
Transmutations | 1 2 3 4 5 6 7 8 9 10 11 | 11.1
Fire Magic     | 1 2 3 4 5 6 7 8 9 10 11 | 11.1
Ice Magic      | 1 2 3 4 5 6 7 8 9 10 11 | 11.1
Air Magic      | 1 2 3 4 5 6 7 8 9 10 11 | 11.1
Earth Magic    | 1 2 3 4 5 6 7 8 9 10 11 | 11.1
Poison Magic   | 1 2 3 4 5 6 7 8 9 10 11 | 11.1
Long Blades    | 5 6 7 8 9 10 11 12 13 | 13.8
Dodging        | 5 6 7 8 9 10 11 12 13 | 13.8
Fighting       | 7 8 9 10 11 12 13 14 | 14.5

Action                   |  1- 3 |  4- 6 |  7- 9 | 10-12 | 13-15 | 16-18 || total
-------------------------+-------+-------+-------+-------+-------+-------++-------
Melee: Falchion          |    16 |       |       |       |       |       ||    16
       Bite              |     9 |    19 |    51 |   118 |   296 |   302 ||   795
       Flail             |    71 |   205 |   423 |   826 |    36 |       ||  1561
       Punch             |     1 |     4 |    10 |     2 |       |       ||    17
       Demon whip        |       |       |       |       |  1575 |  1424 ||  2999
       Long sword        |       |       |       |       |       |   194 ||   194
 Cast: Magic Dart        |       |       |     4 |    21 |   111 |    12 ||   148
       Call Imp          |       |       |       |    17 |    11 |       ||    28
       Leda's Liquefacti |       |       |       |     1 |    18 |     3 ||    22
       Ozocubu's Armour  |       |       |       |     1 |    12 |     7 ||    20
       Summon Ice Beast  |       |       |       |       |    55 |    15 ||    70
       Mephitic Cloud    |       |       |       |       |    51 |     5 ||    56
       Summon Forest     |       |       |       |       |    13 |    28 ||    41
       Teleport Other    |       |       |       |       |     1 |     5 ||     6
       Fireball          |       |       |       |       |    78 |   265 ||   343
       Yara's Violent Un |       |       |       |       |     1 |     3 ||     4
       Summon Cactus Gia |       |       |       |       |       |     4 ||     4
Invok: Sacrifice Health  |       |       |     1 |       |       |       ||     1
       Power Leap        |       |       |       |     5 |    14 |    30 ||    49
       Sacrifice a Hand  |       |       |       |     1 |       |       ||     1
       Draw Out Power    |       |       |       |     1 |    15 |     9 ||    25
       Reject Sacrifices |       |       |       |     1 |     1 |     2 ||     4
       Sacrifice Stealth |       |       |       |       |     1 |       ||     1
       Apocalypse        |       |       |       |       |       |     5 ||     5
       Sacrifice Drink   |       |       |       |       |       |     1 ||     1
Evoke: Wand              |       |       |       |    30 |    21 |    18 ||    69
       Phial of floods   |       |       |       |       |     3 |     4 ||     7
       Lightning rod     |       |       |       |       |     9 |    13 ||    22
  Use: Scroll            |     2 |     5 |     7 |     6 |    19 |    16 ||    55
       Potion            |       |     2 |     3 |    13 |     6 |     8 ||    32
 Stab: Sleeping          |     8 |    27 |    13 |     4 |    10 |       ||    62
       Distracted        |     1 |     1 |       |     7 |    14 |    18 ||    41
       Invisible         |       |       |       |     8 |     4 |    20 ||    32
       Paralysed         |       |       |       |     1 |       |    11 ||    12
       Confused          |       |       |       |       |    31 |     3 ||    34
       Petrifying        |       |       |       |       |     1 |       ||     1
Armor: Leather armour    |    28 |    52 |   113 |    50 |       |       ||   243
       Plate armour      |       |       |       |   324 |       |       ||   324
       Acid dragon scale |       |       |       |    80 |       |       ||    80
       Ring mail         |       |       |       |    77 |   668 |  1024 ||  1769
       Troll leather arm |       |       |       |    55 |       |       ||    55
Dodge: Dodged            |   101 |   206 |   342 |   323 |   541 |   819 ||  2332
Block: Other             |       |       |       |       |       |   215 ||   215
       Reflection        |       |       |       |       |       |     8 ||     8
